 Dungeon Crawl Stone Soup version 0.21.1-1-g345015fe64 (webtiles) character file.

3352 Oravi the Slinger (level 10, -1/68 HPs)
             Began as a Halfling Fighter on Mar 24, 2018.
             Was a Follower of Okawaru.
             Slain by an unseen horror (6 damage)
             ... on level 7 of the Dungeon on Mar 25, 2018.
             The game lasted 00:51:05 (8301 turns).

Oravi the Slinger (Halfling Fighter)                Turns: 8301, Time: 00:51:05

Health: -1/68      AC: 12    Str: 20    XL:     10   Next: 22%
Magic:  10/10      EV: 12    Int:  6    God:    Okawaru [*.....]
Gold:   411        SH:  0    Dex: 19    Spells: 9/9 levels left

rFire    . . .     SeeInvis .   a - +5 short sword (drain)
rCold    . . .     Gourm    .   c - +0 shield
rNeg     . . .     Faith    .   u - +0 scale mail
rPois    .         Spirit   .   i - +2 helmet
rElec    .         Reflect  .   (no cloak)
rCorr    .         Harm     .   l - +0 pair of gloves
MR       +....                  (no boots)
Stlth    ..........             h - amulet of rage
HPRegen  0.21/turn              e - +4 ring of dexterity
MPRegen  0.12/turn              M - ring of protection from magic

@: confused, about to teleport
A: small, mutation resistance 1
a: Heroism, Renounce Religion, Evoke Berserk Rage


You were on level 7 of the Dungeon.
You worshipped Okawaru.
Okawaru was aware of your devotion.
You were hungry.

You visited 2 branches of the dungeon, and saw 8 of its levels.

You collected 411 gold pieces.

Inventory:

Hand Weapons
 a - a +5 short sword of draining (weapon)
 b - a +0 hunting sling
 A - a +0 rapier
Missiles
 n - 288 stones (quivered)
Armour
 c - a +0 shield (worn)
 i - a +2 helmet (worn)
 l - a +0 pair of gloves (worn)
 r - a +0 chain mail
 u - a +0 scale mail (worn)
Magical Staves
 F - an uncursed staff of summoning {unknown}
Jewellery
 e - a +4 ring of dexterity (left hand)
 h - an amulet of rage (around neck)
 C - an uncursed ring of protection from cold
 H - an uncursed ring of resist corrosion
 M - a ring of protection from magic (right hand)
 N - a +2 amulet of reflection
Wands
 y - a wand of polymorph (12)
 B - a wand of digging (16)
 G - a wand of scattershot (5)
 L - a wand of random effects (5)
Scrolls
 k - a scroll of amnesia
 o - a scroll of remove curse
 t - 2 scrolls of identify
 x - 2 scrolls of immolation
 E - a scroll of magic mapping
 I - a scroll of fear
 K - a scroll of teleportation
Potions
 d - a potion of might
 g - 2 potions of agility
 j - a potion of degeneration
 m - a potion of lignification {unknown}
 p - 3 potions of ambrosia
 q - a potion of haste
 v - a potion of flight {unknown}
 w - a potion of magic {unknown}
 z - a potion of heal wounds {unknown}
 J - 2 potions of brilliance {unknown}
Books
 O - a book of Minor Magic

   Spells                             Type                      Level
   a - Magic Dart                     Conjuration                  1
   b - Blink                          Translocation                2
   c - Call Imp                       Summoning                    2
   d - Slow                           Hexes                        2
   e - Conjure Flame                  Conjuration/Fire             3
   f - Mephitic Cloud                 Conjuration/Poison/Air       3
Comestibles
 f - 13 rations


   Skills:
 + Level 6.3 Fighting
 + Level 7.8 Short Blades
 - Level 10.0 Slings
 + Level 6.4 Armour
 + Level 3.5 Dodging
 + Level 6.4 Shields
 + Level 0.7 Evocations


You had 9 spell levels left.
You didn't know any spells.

Dungeon Overview and Level Annotations

Branches:
Dungeon (7/15)             Temple (1/1) D:6

Altars:
Ashenzari
Cheibriados
Dithmenos
Gozag
Hepliaklqana
Kikubaaqudgha
Makhleb
Nemelex Xobeh
Okawaru
Qazlal
Ru
Sif Muna
Trog
Uskayaw
Vehumet
Wu Jian
Xom
Yredelemnul
Zin
The Shining One


Innate Abilities, Weirdness & Mutations

You are small and have problems with some larger weapons.
You are somewhat resistant to further mutation.


Message History

Something hits you.
* * * LOW HITPOINT WARNING * * *
You bump into the stone wall.
You feel less invigorated.
You feel less confused. You block something's attack.
Something hits you but does no damage. Something hits you.
* * * LOW HITPOINT WARNING * * *
Something hits you.
* * * LOW HITPOINT WARNING * * *
Something hits you.
* * * LOW HITPOINT WARNING * * *
As you read the scroll of teleportation, it crumbles to dust.
You feel strangely unstable. Something hits you.
* * * LOW HITPOINT WARNING * * *
You are confused.
You feel invigorated. Something hits you.
* * * LOW HITPOINT WARNING * * *
Something hits you.
You die...

#.#.###(.# .# ....
#.####...# #.#[ ###
## .♣.......###.>..
#.
##.####.......#..
#..
#.#.#.###........#
#..###.
#.##.###..###.#
#.....###.###.....#
#...##...##.....#
##..#..#..#@...##
#.###...###.....##
#........#.....##
########...#####
#####


There were no monsters in sight!

Vanquished Creatures
  An ugly thing (D:7)
  The ghost of syranez the Firebug, a novice OpFE of Sif Muna (D:4)
  Grinder (D:4)
  A hungry ghost (D:7)
  Duvessa (D:6)
  3 ice beasts
  A sky beast (D:6)
  A phantom (D:5)
  4 ogres
  2 centaurs
  3 bullfrogs
  Dowan (D:6)
  3 scorpions
  A howler monkey (D:5)
  2 crimson imps (D:5)
  3 hounds (D:5)
  A jelly (D:6)
  2 bullfrog skeletons
  3 orc priests (D:5)
  An iguana (D:4)
  8 orc wizards
  3 worker ants
  A hound zombie (D:7)
  A worker ant zombie (D:6)
  3 gnolls (D:4)
  8 adders
  A shadow imp (D:5)
  2 oozes
  An adder zombie (D:5)
  2 worms
  6 dart slugs
  3 leopard geckos
  15 orcs
  2 ball pythons
  10 bats
  5 giant cockroaches
  9 goblins
  5 hobgoblins
  9 jackals
  5 quokkas
  6 frilled lizards
  A jackal skeleton (D:5)
  8 kobolds
  3 leopard gecko zombies
  2 rats
155 creatures vanquished.

Notes
Turn   | Place    | Note
-------+----------+-------------------------------------------
     0 | D:1      | Oravi the Halfling Fighter began the quest for the Orb.
     0 | D:1      | Reached XP level 1. HP: 15/15 MP: 1/1
   239 | D:1      | Reached XP level 2. HP: 17/20 MP: 2/2
   293 | D:1      | HP: 1/20 [leopard gecko (1)]
   866 | D:1      | Reached XP level 3. HP: 25/25 MP: 3/3
  1144 | D:2      | Reached skill level 1 in Dodging
  1144 | D:2      | Reached XP level 4. HP: 30/30 MP: 4/4
  1548 | D:2      | Noticed an ice beast
  1565 | D:2      | Killed an ice beast
  1565 | D:2      | Reached skill level 1 in Slings
  1565 | D:2      | Reached XP level 5. HP: 36/36 MP: 5/5
  1902 | D:2      | Found an ornate altar of the Wu Jian Council.
  2430 | D:3      | Reached XP level 6. HP: 42/42 MP: 6/6
  2511 | D:3      | Reached skill level 2 in Slings
  3008 | D:4      | Noticed Grinder
  3023 | D:4      | Paralysed by Grinder for 6 turns
  3027 | D:4      | HP: 1/42 [Grinder/nerve-wracking pain (12)]
  3033 | D:4      | Killed Grinder
  3033 | D:4      | Reached skill level 3 in Slings
  3033 | D:4      | Reached XP level 7. HP: 2/46 MP: 7/7
  3422 | D:4      | Noticed syranez's ghost (novice OpFE)
  3564 | D:4      | Reached skill level 5 in Short Blades
  3567 | D:4      | Reached skill level 4 in Slings
  4041 | D:4      | Reached skill level 5 in Slings
  4138 | D:4      | Reached skill level 5 in Shields
  4368 | D:4      | Reached XP level 8. HP: 54/54 MP: 8/8
  4441 | D:4      | Killed syranez's ghost
  4441 | D:4      | Reached skill level 6 in Slings
  4818 | D:5      | Entered Level 5 of the Dungeon
  5086 | D:5      | Reached skill level 7 in Slings
  5431 | D:5      | Reached skill level 5 in Armour
  5431 | D:5      | Reached XP level 9. HP: 17/59 MP: 9/9
  5435 | D:5      | HP: 1/59 [orc priest/divine providence (17)]
  5832 | D:5      | Reached skill level 8 in Slings
  6131 | D:5      | Reached skill level 9 in Slings
  6562 | D:6      | Found a stormy altar of Qazlal.
  6656 | D:6      | Reached skill level 5 in Fighting
  6720 | D:6      | Noticed Duvessa
  6720 | D:6      | Noticed Dowan
  6741 | D:6      | Killed Duvessa
  6745 | D:6      | Killed Dowan
  6840 | D:6      | Reached skill level 10 in Slings
  7125 | D:6      | Found a staircase to the Ecumenical Temple.
  7180 | Temple   | Entered the Ecumenical Temple
  7338 | Temple   | Became a worshipper of Warmaster Okawaru
  7553 | D:7      | Noticed a cyan ugly thing
  7945 | D:7      | Killed a cyan ugly thing
  7945 | D:7      | Reached * piety under Okawaru
  7945 | D:7      | Reached XP level 10. HP: 56/68 MP: 10/10
  8301 | D:7      | Slain by an unseen horror

Skill      XL: |  1  2  3  4  5  6  7  8  9 |
---------------+----------------------------+-----
Short Blades   | 3 4 5 6 7 |  7.8
Dodging        | 1 2 3 |  3.5
Shields        | 4 5 6 |  6.4
Fighting       | 3 4 6 |  6.3
Slings         | 1 3 5 7 10 | 10.0
Armour         | 4 5 6 |  6.4
Evocations     | |  0.7

Action                   |  1- 3 |  4- 6 |  7- 9 | 10-12 || total
-------------------------+-------+-------+-------+-------++-------
Melee: Rapier            |   136 |   112 |    26 |       ||   274
       Short sword       |       |       |   168 |    34 ||   202
       Hunting sling     |       |       |       |     1 ||     1
 Fire: Hunting sling     |       |    52 |   331 |    11 ||   394
 Abil: Evoke Berserk Rag |       |       |     1 |       ||     1
Evoke: Wand              |       |       |       |     1 ||     1
  Use: Scroll            |       |       |    14 |     1 ||    15
       Potion            |       |       |       |     5 ||     5
  Eat: Chunk             |     1 |     6 |    13 |     1 ||    21
       Ration            |       |       |     1 |     1 ||     2
Armor: Scale mail        |    76 |    38 |    69 |    44 ||   227
Dodge: Dodged            |    73 |    41 |    74 |    12 ||   200
Block: Shield            |   103 |    77 |   103 |    11 ||   294
